 Dungeon Crawl Stone Soup version 0.23.2-33-g5129a83184 (webtiles) character file.

Game seed: 10416711730757190263

603 Felnil the Chopper (level 7, -11/53 HPs)
             Began as a Mummy Fighter on Aug 4, 2019.
             Killed by divine providence
             ... invoked by an orc priest
              (13 damage)
             ... on level 4 of the Dungeon.
             The game lasted 00:15:41 (4448 turns).

Felnil the Chopper (Mummy Fighter)                  Turns: 4448, Time: 00:15:41

Health: -11/53     AC: 11    Str: 21    XL:     7   Next: 18%
Magic:  7/7        EV:  8    Int:  7    God:
Gold:   182        SH: 12    Dex: 12    Spells: 6/6 levels left

rFire    x . .     SeeInvis .   a - +0 war axe
rCold    + . .     Gourm    .   c - +0 shield
rNeg     + + +     Faith    .   b - +0 scale mail
rPois    ∞         Spirit   .   (no helmet)
rElec    .         Reflect  +   h - +0 cloak
rCorr    .         Harm     .   (no gloves)
MR       .....                  (no boots)
Stlth    ..........             e - +3 amulet of reflection
HPRegen  0.17/turn              d - +3 ring of protection
MPRegen  0.10/turn              f - ring of wizardry

@: no status effects
A: no food or potions, fire vulnerability, cold resistance 1, negative energy
resistance 3, torment resistance, unbreathing
a: no special abilities


You were on level 4 of the Dungeon.
You were not hungry.

You visited 1 branch of the dungeon, and saw 4 of its levels.

You collected 182 gold pieces.

Inventory:

Hand Weapons
 a - a +0 war axe (weapon)
Armour
 b - a +0 scale mail (worn)
 c - a +0 shield (worn)
 h - a +0 cloak (worn)
Jewellery
 d - a +3 ring of protection (left hand)
 e - a +3 amulet of reflection (around neck)
 f - a ring of wizardry (right hand)
Wands
 i - a wand of flame (13)
Scrolls
 g - 3 scrolls of remove curse


   Skills:
 + Level 3.8 Fighting
 + Level 4.2 Axes
 + Level 3.7 Armour
 + Level 1.9 Dodging
 + Level 0.1 Stealth
 + Level 3.6 Shields


You had 6 spell levels left.
You didn't know any spells.
Your spell library was empty.

Dungeon Overview and Level Annotations

Branches:
Dungeon (4/15)
 Temple: D:4-7

Altars:
Dithmenos
Okawaru
Vehumet
Xom
Yredelemnul
Zin
The Shining One

Annotations:
D:4 Eustachio


Innate Abilities, Weirdness & Mutations

You do not eat or drink.
Your flesh is vulnerable to fire.
You are immune to poison.
Your flesh is cold resistant. (rC+)
You are immune to negative energy. (rN+++)
You are immune to unholy pain and torment.
You can survive without breathing.


Message History

You kill the bat!
The bat's corpse disappears in a puff of smoke!
You hit the river rat but do no damage. You block the bat's attack.
You block the orc priest's attack.
The river rat bites you but does no damage.
The orc hits you but does no damage.
The orc priest calls upon Beogh to heal the orc.
The orc's wounds heal themselves!
The river rat bites you!
* * * LOW HITPOINT WARNING * * *
You slash the orc!
You kill the orc!
You hit the river rat. You barely miss Eustachio. You hit the orc priest.
The orc priest calls down the wrath of Beogh upon you.
Beogh smites you!
* * * LOW HITPOINT WARNING * * *
You block the orc priest's attack. You block the river rat's attack.
You block Eustachio's attack.
The orc priest calls down the wrath of Beogh upon you.
Beogh smites you!
You die...

.......#.#.###.#.###.......#
.......#...# #.#.###.......#
.......##..# #.#.#.........#
.......##..###.....#.......#
.......##.......##†........####
.......##..##..###.#..........##
......#....##..#...##.#######..#
......#.#.(....@r####.# ##.##
..............bo@###.o#######...#
........#....###o##.............#
.......##...## #.##.≈≈≈≈≈.≈≈≈≈..#
...........## #o...≈≈≈≈≈.≈≈≈≈..#
.......##..# #..#.≈≈≈≈≈.≈≈≈≈..#
.......##..#####.##.≈≈≈≈≈.≈≈≈≈..#
.......##.........#.......≈≈≈≈..#
###...†.....<.......≈≈≈≈........#
##...#.†##....#...≈≈≈≈.≈≈≈≈≈.##


You could see Eustachio, 2 orc priests, a river rat, an orc and a bat.

Vanquished Creatures
  A hippogriff (D:3)
  An ogre (D:4)
  A bullfrog skeleton (D:2)
  2 worker ants (D:4)
  Terence (D:2)
  10 adders
  4 gnolls (D:3)
  An ooze (D:1)
  An adder zombie (D:1)
  4 worms
  4 dart slugs
  4 leopard geckos
  7 orcs
  A bat zombie (D:1)
  4 giant cockroaches
  9 goblins
  4 hobgoblins (D:1)
  6 jackals
  7 kobolds
  4 quokkas
  5 ball pythons
  5 bats
  5 frilled lizards
  7 rats
98 creatures vanquished.

Vanquished Creatures (others)
  A goblin (D:3)
1 creature vanquished.

Grand Total: 99 creatures vanquished

Notes
Turn   | Place    | Note
-------+----------+-------------------------------------------
     0 | D:1      | Felnil the Mummy Fighter began the quest for the Orb.
     0 | D:1      | Reached XP level 1. HP: 18/18 MP: 1/1
   342 | D:1      | Reached XP level 2. HP: 18/24 MP: 2/2
   716 | D:1      | Reached XP level 3. HP: 24/29 MP: 3/3
   727 | D:1      | Reached skill level 2 in Axes
  1671 | D:2      | Noticed Terence
  1684 | D:2      | Killed Terence
  1684 | D:2      | Reached XP level 4. HP: 27/35 MP: 4/4
  1892 | D:2      | Reached skill level 3 in Axes
  1963 | D:2      | Found an iron altar of Okawaru.
  2217 | D:2      | Reached XP level 5. HP: 40/41 MP: 5/5
  2232 | D:2      | Found a glowing silver altar of Zin.
  2507 | D:2      | Found a shimmering altar of Xom.
  2508 | D:2      | Found a shadowy altar of Dithmenos.
  2685 | D:3      | Found a radiant altar of Vehumet.
  3330 | D:3      | Noticed a hippogriff
  3349 | D:3      | Killed a hippogriff
  3349 | D:3      | Reached skill level 1 in Dodging
  3349 | D:3      | Reached XP level 6. HP: 30/48 MP: 6/6
  3635 | D:3      | Found a basalt altar of Yredelemnul.
  3638 | D:3      | Noticed a profane servitor
  3643 | D:3      | Found a glowing golden altar of the Shining One.
  3646 | D:3      | Noticed an angel
  4064 | D:4      | Reached skill level 4 in Axes
  4102 | D:4      | Reached XP level 7. HP: 37/53 MP: 7/7
  4410 | D:4      | Noticed Eustachio
  4448 | D:4      | HP: 2/53 [orc priest/divine providence (10)]
  4448 | D:4      | Killed from afar by an orc priest

Skill      XL: |  1  2  3  4  5  6 |
---------------+-------------------+-----
Axes           | 2 3 4 |  4.2
Armour         | 3 |  3.7
Shields        | 3 |  3.6
Dodging        | 1 |  1.9
Fighting       | |  3.8
Stealth        | |  0.1

Action                   |  1- 3 |  4- 6 |  7- 9 || total
-------------------------+-------+-------+-------++-------
Melee: War axe           |   104 |   172 |    34 ||   310
       Hand axe          |       |   168 |       ||   168
Evoke: Wand              |       |     2 |       ||     2
  Use: Scroll            |       |     5 |       ||     5
Armor: Scale mail        |    54 |   168 |    20 ||   242
Dodge: Dodged            |    30 |   126 |     9 ||   165
Block: Shield            |    43 |   226 |    35 ||   304
       Reflection        |       |     1 |       ||     1
